 Dungeon Crawl Stone Soup version 0.28.0 (webtiles) character file.

Game seed: 3187819015018984986

7127 browni3141 the Fighter (level 10, -10/97 HPs)
             Began as a Minotaur Berserker on Feb 16, 2022.
             Was an Elder of Trog.
             Mangled by a boulder beetle (45 damage)
             ... on level 11 of the Dungeon.
             The game lasted 00:05:24 (8317 turns).

browni3141 the Fighter (Minotaur Berserker)         Turns: 8317, Time: 00:05:25

Health: -10/97     AC: 25    Str: 26    XL:     10   Next: 85%
Magic:  9/9        EV:  9    Int:  8    God:    Trog [****..]
Gold:   710        SH:  0    Dex:  8    Spells: 9/9 levels left

rFire   . . .      SeeInvis .   w - +2 hand axe (vorpal)
rCold   . . .      Faith    .   G - orb {light}
rNeg    + . .      Spirit   .   H - +6 chain mail of Zatem {rN+ Int+4 Dex-2}
rPois   .          Reflect  .   (helmet restricted)
rElec   .          Harm     .   (no cloak)
rCorr   .          Rampage  .   C - +0 pair of gloves
Will    +++..                   h - +0 pair of boots
Stlth   ..........              c - amulet of regeneration
HPRegen 2.06/turn               f - +4 ring of protection
MPRegen 0.11/turn               o - ring of willpower

@: strong-willed, on berserk cooldown, regenerating, slowed, glowing, very slow
A: horns 2, retaliatory headbutt
a: Renounce Religion, Berserk, Trog's Hand, Brothers in Arms


You were on level 11 of the Dungeon.
You worshipped Trog.
Trog was greatly pleased with you.
You visited 1 branch of the dungeon, and saw 11 of its levels.

You collected 822 gold pieces.
You spent 112 gold pieces at shops.

Inventory:

Hand Weapons
 a - a +0 hand axe
 w - a +2 vorpal hand axe (weapon)
Armour
 b - a +0 animal skin
 h - a +0 pair of boots (worn)
 p - a +0 scale mail
 q - a +0 chain mail
 C - a +0 pair of gloves (worn)
 F - the +6 scale mail of Death Resistance {rElec rN++ rCorr Dex-5}
   (You found it on level 7 of the Dungeon)

   Dex:       It affects your dexterity (-5).
   rElec:     It insulates you from electricity.
   rN:        It greatly protects you from negative energy.
   rCorr:     It protects you from acid and corrosion.
 G - an orb of light (worn)
 H - the +6 chain mail of Zatem (worn) {rN+ Int+4 Dex-2}
   (You found it on level 8 of the Dungeon)

   Int:       It affects your intelligence (+4).
   Dex:       It affects your dexterity (-2).
   rN:        It protects you from negative energy.
Jewellery
 c - an amulet of regeneration (around neck)
 f - a +4 ring of protection (left hand)
 o - a ring of willpower (right hand)
 A - a ring of willpower
 D - an amulet of the acrobat
Wands
 z - a wand of acid (10)
 L - a wand of iceblast (1)
Scrolls
 e - 2 scrolls of blinking {unknown}
 j - 4 scrolls of fog {unknown}
 k - 10 scrolls of teleportation {unknown}
 r - 8 scrolls of identify {unknown}
 s - a scroll of amnesia {unknown}
 t - 3 scrolls of magic mapping {unknown}
 v - 2 scrolls of fear {unknown}
 y - 2 scrolls of noise {unknown}
 B - 3 scrolls of immolation {unknown}
 E - a scroll of enchant weapon {unknown}
 K - a scroll of vulnerability {unknown}
Potions
 d - a potion of flight {unknown}
 g - 3 potions of resistance {unknown}
 i - a potion of lignification {unknown}
 l - a potion of brilliance {unknown}
 m - 5 potions of curing
 n - 2 potions of might {unknown}
 u - 3 potions of heal wounds
 x - a potion of cancellation {unknown}
 I - a potion of degeneration {unknown}
 J - 2 potions of mutation {unknown}
 M - a potion of magic {unknown}
 N - a potion of attraction {unknown}


   Skills:
 + Level 12.1 Fighting
 + Level 12.1 Axes
 + Level 11.8 Armour
 - Level 2.1 Dodging


You had 9 spell levels left.
You didn't know any spells.
Your spell library was empty.

Dungeon Overview and Level Annotations

Branches:
Dungeon (11/15)            Temple (0/1) D:6            Lair (0/6) D:8
    Orc: D:9-12

Altars:
Gozag
Ru
Vehumet

Shops:
D:4 !

Annotations:
D:5 2 transporters


Innate Abilities, Weirdness & Mutations

You have a pair of horns on your head.
You reflexively headbutt those who attack you in melee.


Message History

The iceblast engulfs the boulder beetle!
The boulder beetle is severely wounded.
The boulder beetle curls into a ball and begins rolling!
Aiming: Iceblast
Press: ? - help, Shift-Dir - straight line The mass of ice explodes!
The iceblast engulfs the boulder beetle.
The boulder beetle is severely wounded.
Aiming: Iceblast
Press: ? - help, Shift-Dir - straight line That beam is likely to hit you.
Continue anyway?
Okay, then.
Aiming: Iceblast
Press: ? - help, Shift-Dir - straight line The mass of ice explodes!
The iceblast engulfs the boulder beetle but does no damage.
The boulder beetle is severely wounded.
The boulder beetle hits you!!
* * * LOW HITPOINT WARNING * * *
The boulder beetle stops rolling and uncurls.
The boulder beetle leaps!
Unknown command.
Unknown command.
Aiming: Corrosive Bolt
Press: ? - help, Shift-Dir - straight line, f - boulder beetle
Aim: a boulder beetle (severely wounded, 100% to hit)
The bolt of acid hits the boulder beetle.
The acid corrodes the boulder beetle!
The boulder beetle is severely wounded.
Unknown command.
Your skin crawls.
You feel strong-willed.
The boulder beetle curls into a ball and begins rolling!
Aiming: Corrosive Bolt
Press: ? - help, Shift-Dir - straight line, f/p - boulder beetle
Aim: a boulder beetle (severely wounded, rolling, covered in acid, haloed, 100% to hit)
The bolt of acid hits the boulder beetle!
The boulder beetle is almost dead.
The boulder beetle hits you!!!
You die...

.........# #.:.....####.#
.........###+##.#.##..#
......................#####.
................(...........
............................
............##.$........##+#
.............#.......>..#
.##.....>.##.#.......?..+ .
##....###..°○B@.......#
..##(...................#
#...#....##.##.....####...
#(.....### #....## ####
#.#......# ##.### ........##
## ..#.....# #####.<.# ##.##


You could see a boulder beetle (rolling, corroded).

Vanquished Creatures
  Erolcha (D:9)
  2 two-headed ogres
  A troll (D:10)
  A hornet (D:9)
  3 wyverns (D:8)
  4 yaks (D:9)
  A wraith (D:10)
  A steam dragon (D:7)
  A basilisk (D:8)
  3 water moccasins
  A swamp drake (D:8)
  2 ice beasts
  2 sky beasts
  4 orc warriors (D:10)
  A black bear (D:5)
  5 centaurs
  A phantom (D:4)
  2 kobold brigands
  3 bullfrogs
  2 scorpions
  A water moccasin skeleton (D:6)
  5 electric eels (D:6)
  8 wights
  2 howler monkeys
  2 centaur zombies
  3 hounds
  2 jellies
  A bullfrog skeleton (D:7)
  2 orc priests
  5 orc wizards (D:7)
  4 iguanas
  8 adders
  An adder skeleton (D:4)
  A dart slug (D:1)
  31 orcs
  5 endoplasms
  5 giant cockroaches
  10 hobgoblins
  3 jackals
  17 kobolds
  3 quokkas
  11 ball pythons
  8 bats
  7 goblins
  6 rats
192 creatures vanquished.

Vanquished Creatures (others)
  11 plants
11 creatures vanquished.

Grand Total: 203 creatures vanquished

Notes
Turn   | Place    | Note
-------+----------+-------------------------------------------
     0 | D:1      | browni3141 the Minotaur Berserker began the quest for the
                  | Orb.
     0 | D:1      | Reached XP level 1. HP: 19/19 MP: 0/0
   211 | D:1      | Found a faded altar of an unknown god.
   237 | D:1      | Reached XP level 2. HP: 27/27 MP: 1/1
  1163 | D:1      | Reached XP level 3. HP: 30/33 MP: 2/2
  1909 | D:2      | Reached ** piety under Trog
  2512 | D:3      | Reached XP level 4. HP: 11/41 MP: 3/3
  2828 | D:3      | Noticed a centaur
  2838 | D:3      | Killed a centaur
  2839 | D:3      | Reached skill level 5 in Fighting
  2839 | D:3      | Reached skill level 5 in Axes
  2839 | D:3      | Reached XP level 5. HP: 45/48 MP: 4/4
  3095 | D:4      | Noticed a phantom
  3108 | D:4      | Killed a phantom
  3109 | D:4      | Reached skill level 5 in Armour
  3109 | D:4      | Reached XP level 6. HP: 57/57 MP: 5/5
  3518 | D:4      | Found Loveteg's Distillery.
  3527 | D:4      | Bought a potion of heal wounds for 70 gold pieces
  3527 | D:4      | Bought a potion of curing for 42 gold pieces
  3562 | D:4      | Found a sacrificial altar of Ru.
  3672 | D:5      | Entered Level 5 of the Dungeon
  3736 | D:5      | Found a radiant altar of Vehumet.
  3859 | D:5      | Reached XP level 7. HP: 60/64 MP: 6/6
  3877 | D:5      | Found a transporter.
  3880 | D:5      | Reached *** piety under Trog
  3987 | D:5      | Found a transporter.
  4803 | D:6      | Reached XP level 8. HP: 59/73 MP: 7/7
  4883 | D:6      | Found a staircase to the Ecumenical Temple.
  5491 | D:7      | Identified the +6 scale mail of Death Resistance {rElec
                  | rN++ rCorr Dex-5}
  5635 | D:7      | Reached XP level 9. HP: 82/82 MP: 8/8
  5824 | D:8      | Identified the +6 chain mail of Zatem {rN+ Int+4 Dex-2}
  5958 | D:8      | Found an opulent altar of Gozag.
  6137 | D:8      | Reached skill level 10 in Fighting
  6137 | D:8      | Reached skill level 10 in Axes
  6160 | D:8      | Found a staircase to the Lair.
  6779 | D:9      | Reached skill level 10 in Armour
  6836 | D:9      | Reached XP level 10. HP: 92/94 MP: 9/9
  6850 | D:9      | Reached **** piety under Trog
  6934 | D:9      | Noticed Erolcha
  6941 | D:9      | Killed Erolcha
  7041 | D:9      | Noticed a two-headed ogre
  7048 | D:9      | Killed a two-headed ogre
  7518 | D:10     | Entered Level 10 of the Dungeon
  7518 | D:10     | Noticed a two-headed ogre
  7524 | D:10     | Killed a two-headed ogre
  8276 | D:11     | Noticed a boulder beetle
  8317 | D:11     | Mangled by a boulder beetle

Illustrated notes

Levels and vault maps discovered:
D:1:      wheals_arrival_shading, layout_loops_corners,
          ebering_ecumenical_altar_box, st_stairs_4, chequers_big_river,
          hangedman_abyss_or_decor_stabs, serial_bayou_lake_a
D:2:      cheibrodos_old_hovel, layout_loops_corners, chequers_jeans
D:3:      layout_rooms
D:4:      layout_basic, nicolae_ru_path_of_blood, serial_shops, shop
D:5:      layout_basic, nicolae_overflow_hidden_temple,
          gammafunk_ghost_stat_death
D:6:      layout_gridville, minmay_temple_entry_drinking_statues,
          serial_bayou_lagoon_b
D:7:      layout_rooms
D:8:      layout_loops_corners, lemuel_doored_altar, erik_lair_dragon,
          serial_rivers, chequers_serial_rivers_small_b,
          chequers_serial_rivers_large_b, chequers_serial_rivers_small_3,
          chequers_serial_rivers_micro_d, chequers_serial_rivers_micro_e
D:9:      layout_long_grid, st_stairs_9, uniq_erolcha
D:10:     layout_roguey [special_room_orc]
D:11:     layout_cave_pools, nrook_mini_vaults, minmay_liquid_box

Skill      XL: |  1  2  3  4  5  6  7  8  9 10 |
---------------+-------------------------------+-----
Axes           | 4 5 6 7 8 10 12 | 12.1
Fighting       | 4 5 6 7 8 10 12 | 12.1
Armour         | 3 4 5 6 8 10 11 | 11.8
Dodging        | |  2.1

Action                   |  1- 3 |  4- 6 |  7- 9 | 10-12 || total
-------------------------+-------+-------+-------+-------++-------
Melee: Hand axe          |    82 |   110 |   198 |   134 ||   524
       Headbutt          |    12 |    21 |    41 |    42 ||   116
       Punch             |       |       |     1 |       ||     1
Invok: Berserk           |       |     2 |     4 |     4 ||    10
       Trog's Hand       |       |     1 |     1 |     2 ||     4
Evoke: Wand              |       |       |       |     6 ||     6
 Stab: Sleeping          |     1 |       |       |       ||     1
Armor: Animal skin       |    12 |    13 |       |       ||    25
       Scale mail        |       |    11 |    36 |       ||    47
       Chain mail        |       |    44 |    99 |    72 ||   215
Dodge: Dodged            |    51 |    55 |    78 |    49 ||   233
